 Dungeon Crawl Stone Soup version 0.14-a0-1613-gd720e3e (webtiles) character file.

1052 MirrMurr the Covert (level 7, -3/32 HPs)
             Began as a Spriggan Enchanter on Dec 24, 2013.
             Slain by a centaur (5 damage)
             ... on Level 5 of the Dungeon.
             The game lasted 00:19:18 (6121 turns).

MirrMurr the Covert (Spriggan Enchanter)            Turns: 6121, Time: 00:19:18

HP  -3/32        AC  3     Str  6      XL: 7   Next: 78%
MP   1/19        EV 18     Int 16      God:
Gold 156         SH  0     Dex 17      Spells:  3 memorised,  5 levels left

rFire  . . .     SeeInvis +     a - +1 dagger
rCold  . . .     Clarity  .     b - +1 robe
rNeg   . . .     Conserve .     (shield restricted)
rPois  .         rCorr    .     (helmet restricted)
rElec  .         rRot     .     (no cloak)
SustAb . .       Spirit   .     (gloves unavailable)
rMut   .         Warding  .     (boots unavailable)
Saprov . . .     Stasis   .     (no amulet)
                                (no ring)
                                (no ring)

@: very slightly contaminated, hasted, very quick, somewhat resistant to hostile
enchantments, extremely stealthy
A: unfitting armour, see invisible, herbivore 3, speed 3, slow metabolism 2
a: no special abilities


You were on level 5 of the Dungeon.
You were not hungry.

You visited 1 branch of the dungeon, and saw 5 of its levels.

You collected 156 gold pieces.

Inventory:

Hand weapons
 a - a +1,+1 dagger (weapon)
 z - a cursed -2,-1 orcish dagger
Missiles
 d - 10 darts (quivered)
Armour
 b - a +1 robe (worn)
 j - a +0 robe
 B - a +0 robe
Magical devices
 t - a wand of teleportation (4) {unknown}
Comestibles
 m - 4 bread rations
Scrolls
 g - a scroll of fear
 h - 2 scrolls of teleportation
 k - a scroll of noise {unknown}
 o - 3 scrolls of identify
 p - a scroll of curse armour {unknown}
 r - 2 scrolls of fog {unknown}
 u - a scroll of enchant weapon I {unknown}
 v - a scroll of magic mapping {unknown}
 y - 2 scrolls of remove curse {unknown}
 A - a scroll of recharging {unknown}
Jewellery
 q - an uncursed ring of fire
Potions
 e - a potion of porridge
 f - a potion of resistance
 i - 3 potions of flight
 n - a potion of degeneration {unknown}
 s - a potion of paralysis {unknown}
 x - 2 potions of speed
Books
 c - a book of Maledictions

   Spells                             Type                      Level
   *Corona                            Hexes                        1
   Sure Blade                         Hexes/Charms                 2
   *Ensorcelled Hibernation           Hexes/Ice                    2
   *Confuse                           Hexes                        3
   Enslavement                        Hexes                        4
   Invisibility                       Hexes                        6
 w - a book of the Earth

   Spells                             Type                      Level
   Dig                                Earth                        4
   Leda's Liquefaction                Hexes/Earth                  4
   Bolt of Magma                      Conjuration/Fire/Earth       5
   Statue Form                        Transmutation/Earth          6
   Iron Shot                          Conjuration/Earth            6
   Shatter                            Earth                        9


   Skills:
 + Level 6.4 Short Blades
 - Level 1.1 Throwing
 - Level 3.0 Dodging
 + Level 10.7 Stealth
 - Level 2.6 Spellcasting
 - Level 3.6 Hexes


You had 5 spell levels left.
You knew the following spells:

 Your Spells              Type           Power        Failure   Level  Hunger
a - Ensorcelled Hibernat  Hex/Ice        #.....       17%         2    ##.....
b - Confuse               Hex            ##......     14%         3    ###....
Z - Corona                Hex            ##.....      6%          1    #......


Dungeon Overview and Level Annotations

Branches:
Dungeon (5/16)             Temple (0/1) D:5

Altars:
Trog

Annotations:
D:5 Menkaure


Innate Abilities, Weirdness & Mutations

You are tiny and cannot use many weapons and most armour.
You have supernaturally acute eyesight.
You are a herbivore.
You cover ground extremely quickly.
You need consume almost no food.


Message History

* * * LOW HITPOINT WARNING * * *
Casting: Confuse
Confirm with . or Enter, or press ? or * to list all spells.
Aiming: Ensorcelled Hibernation
Press: ? - help, Shift-Dir - straight line, f/p - centaur
Aim: a centaur The centaur resists.
The centaur barely misses you. The centaur misses you.
Casting: Ensorcelled Hibernation
Confirm with . or Enter, or press ? or * to list all spells.
Aiming: Ensorcelled Hibernation
Press: ? - help, Shift-Dir - straight line, f/p - centaur
Aim: a centaur The centaur resists.
The centaur misses you.
Casting: Ensorcelled Hibernation
Confirm with . or Enter, or press ? or * to list all spells.
You don't have enough magic to cast that spell.
Drink which item? (? for menu, Esc to quit)
You feel yourself speed up.
It was a potion of speed.
The centaur barely misses you. The centaur hits you.
You die...

. . ........ #.. .8.
.######## #.. ..
#.#......' #.. .>
+.#......# #.. .
#.#......# #..#.
#.#......# #...#
#.######## ######.c.#
#....?....
........@#######.........
........(................
.........(...............
########################


You could see a centaur.

Vanquished Creatures
  An ice beast (D:4)
  An orc warrior (D:5)
  2 crimson imps (D:5)
  2 hounds (D:4)
  A centaur skeleton (D:4)
  A scorpion (D:5)
  3 orc priests (D:4)
  2 giant frog skeletons
  6 worker ants
  3 gnolls (D:3)
  8 adders
  A giant mite (D:2)
  4 worms
  An iguana zombie (D:5)
  2 oozes
  19 orcs
  6 bats
  6 goblins
  9 hobgoblins
  6 jackals
  A ball python (D:2)
  2 giant cockroaches
  2 giant geckos
  3 giant newts
  14 kobolds
  A kobold skeleton (D:5)
  An orc skeleton (D:4)
  2 quokkas
  11 rats
  A rat skeleton (D:4)
122 creatures vanquished.

Notes
Turn   | Place    | Note
--------------------------------------------------------------
     0 | D:1      | MirrMurr, the Spriggan Enchanter, began the quest for the Orb.
     0 | D:1      | Reached XP level 1. HP: 9/9 MP: 4/4
   163 | D:1      | Reached skill level 4 in Stealth
   293 | D:1      | Reached XP level 2. HP: 13/13 MP: 7/7
   322 | D:1      | Learned a level 2 spell: Ensorcelled Hibernation
  1016 | D:2      | Reached skill level 5 in Stealth
  1412 | D:2      | Reached XP level 3. HP: 16/16 MP: 9/9
  1417 | D:2      | Learned a level 3 spell: Confuse
  1548 | D:2      | Reached skill level 6 in Stealth
  1554 | D:2      | Reached XP level 4. HP: 21/21 MP: 12/12
  2793 | D:3      | Reached XP level 5. HP: 21/24 MP: 5/14
  2805 | D:3      | Reached skill level 7 in Stealth
  3706 | D:4      | Reached skill level 8 in Stealth
  3706 | D:4      | Reached XP level 6. HP: 28/28 MP: 14/17
  4360 | D:4      | Found a bloodstained altar of Trog.
  4382 | D:4      | Reached skill level 9 in Stealth
  4675 | D:4      | Reached skill level 5 in Short Blades
  4814 | D:4      | Reached XP level 7. HP: 13/32 MP: 7/19
  5045 | D:5      | Entered Level 5 of the Dungeon
  5342 | D:5      | Reached skill level 10 in Stealth
  5354 | D:5      | Noticed Menkaure
  6110 | D:5      | Found a staircase to the Ecumenical Temple.
  6121 | D:5      | Slain by a centaur

Action                   |  1- 3 |  4- 6 |  7- 9 || total
-------------------------+-------+-------+-------++-------
Melee: Dagger            |   104 |   301 |    86 ||   491
Throw: Dart              |     6 |       |       ||     6
 Cast: Ensorcelled Hiber |     3 |    37 |    24 ||    64
       Confuse           |       |     8 |     2 ||    10
  Use: Scroll            |     2 |     2 |       ||     4
       Potion            |       |     3 |     2 ||     5
 Stab: Sleeping          |    11 |    31 |    13 ||    55
       Confused          |       |     2 |     1 ||     3
       Distracted        |       |     1 |       ||     1
